AoeStats
← Crazy_Owl

Four Lakes

509373479Analyzed
1v1 RM · 7d ago on Sep 26, 2026· 45m 14s· 2 players
Game mode
Random Map
Map size
Tiny (2 player)
Population
200
Speed
Normal
Resources
Standard
Victory
Conquest
Starting age
Dark Age
Ending age
Imperial Age
RankedLock teamsTeams togetherTeam positionsShared explorationLock speedFull tech treeHidden civsTurbo modeCheats
Victory
Defeat
🇳🇱 Goths · Netherlands
872
+15
🇲🇦 Huns · Morocco
849
-15
actros.12v
6:35 Loom
9:41 Feudal Age
12:36 Double-Bit Axe
24:31 Castle Age
23:53 Horse Collar
24:06 Fletching
24:17 Padded Archer Armor
25:31 Forging
25:03 Elite Skirmisher
26:35 Crossbowman
27:28 Husbandry
27:52 Gold Mining
28:51 Ballistics
29:27 Heavy Plow
30:30 Bodkin Arrow
33:13 Leather Archer Armor
33:07 Thumb Ring
34:39 Iron Casting
34:12 Pikeman
34:53 Squires
36:15 Wheelbarrow
39:58 Scale Barding Armor
Crazy_Owl
10:44 Feudal Age
11:15 Double-Bit Axe
11:12 Horse Collar
13:53 Wheelbarrow
15:20 Fishing Lines
17:41 Loom
17:47 Man-at-Arms
25:59 Castle Age
24:59 Scale Mail Armor
25:11 Forging
26:19 Fletching
27:46 Chain Mail Armor
26:59 Long Swordsman
27:00 Pikeman
27:41 Squires
29:46 Stone Mining
30:04 Gillnets
30:29 Bow Saw
30:22 Heavy Plow
30:34 Bodkin Arrow
31:14 Iron Casting
31:09 Anarchy
31:23 Gold Mining
34:41 Hand Cart
40:26 Imperial Age
37:43 Town Watch
41:02 Elite Huskarl
42:05 Conscription
41:09 Halberdier
43:44 Blast Furnace
Connection lost

Rejoining the realm…

Still unreachable

The connection could not be restored.

Session expired

The server has moved on; the page needs a fresh start.